 Dungeon Crawl Stone Soup version 0.26.1-11-gd32895ea62 (webtiles) character file.

Game seed: 2262707608107513319

48 DildoBatman the Conjurer (level 4, -1/30 HPs)
             Began as a Formicid Conjurer on May 15, 2021.
             Slain by a giant cockroach (2 damage)
             ... on level 2 of the Dungeon.
             The game lasted 00:03:03 (1199 turns).

DildoBatman the Conjurer (Formicid Conjurer)        Turns: 1199, Time: 00:03:04

Health: -1/30      AC:  2    Str: 12    XL:     4   Next: 0%
Magic:  7/7        EV: 12    Int: 18    God:
Gold:   88         SH:  0    Dex:  9    Spells: 4/7 levels left

rFire    . . .     SeeInvis +   a - +4 dagger (drain)
rCold    . . .     Faith    .   (no shield)
rNeg     . . .     Spirit   .   o - +0 robe
rPois    .         Reflect  .   (helmet unavailable)
rElec    .         Harm     .   (no cloak)
rCorr    .         Rampage  .   (no gloves)
Will     .....                  (no boots)
Stlth    ++........             (no amulet)
HPRegen  0.10/turn              n - ring of wizardry
MPRegen  0.10/turn              (no ring)

@: no status effects
A: permanent stasis, dig shafts and tunnels, four strong arms, antennae 3
a: Dig, Shaft Self


You were on level 2 of the Dungeon.
You visited 1 branch of the dungeon, and saw 2 of its levels.

You collected 88 gold pieces.

Inventory:

Hand Weapons
 a - a +4 dagger of draining (weapon)
Missiles
 d - a throwing net
 f - 7 stones
 j - 35 arrows
Armour
 o - a +0 robe (worn)
Jewellery
 n - a ring of wizardry (left hand)
Scrolls
 b - 3 scrolls of identify {unknown}
 i - 2 scrolls of remove curse {unknown}
 k - a scroll of immolation {unknown}
 l - a scroll of noise {unknown}
 m - a scroll of fear {unknown}
Potions
 c - a potion of lignification {unknown}
 g - 2 potions of heal wounds {unknown}
 h - a potion of might {unknown}


   Skills:
 - Level 1.7 Dodging
 - Level 2.4 Stealth
 - Level 2.1 Spellcasting
 * Level 4.8 Conjurations


You had 4 spell levels left.
You knew the following spells:

 Your Spells              Type           Power        Failure   Level
a - Searing Ray           Conj           38%          1%          2
c - Magic Dart            Conj           76%          1%          1

Your spell library contained the following spells:

 Spells                   Type           Power        Failure   Level
 Dazzling Flash           Conj/Hex       20%          9%          3
 Fulminant Prism          Conj/Hex       5%           26%         4
 Iskenderun's Mystic Bla  Conj/Tloc      10%          26%         4


Dungeon Overview and Level Annotations

Branches:
Dungeon (2/15)

Altars:


Innate Abilities, Weirdness & Mutations

You cannot be hasted, slowed, berserked, paralysed or teleported.
You can dig through walls and to a lower floor.
Your four strong arms can wield two-handed weapons with a shield.
You have a pair of large antennae on your head. (SInv)


Message History

g - Guard the area. f - Follow me.
Anything else - Cancel.
You shout for attention!
The bat hits you but does no damage. The bat closely misses you.
The bat misses you. The giant cockroach closely misses you.
What are your orders? t - Shout!
Orders for allies: a - Attack new target. r - Retreat! s - Stop attacking. g - Guard the area. f - Follow me.
Anything else - Cancel.
You shout for attention!
The bat barely misses you. The bat closely misses you. The bat hits you.
The bat closely misses you. The giant cockroach bites you.
You die...

##.## #. #.†.# . #.
#...# #.##.# #...#######
..... #.........#
#....####...#####.#
#.##.b............####
###....B.<........#.....
.....bb@.........†..##.#
.......####..........#.#
)...... #...#######..#
......# #.#.# ##.#
...... #...###### #)#
...... #........# #.#
..... ########.###.#
...## #........#
#........#


You could see a giant cockroach and 3 bats.

Vanquished Creatures
  An adder (D:2)
  A worm (D:2)
  A dart slug (D:2)
  7 bats (D:1)
  2 giant cockroaches (D:1)
  3 goblins (D:1)
  5 hobgoblins
  5 frilled lizards
  5 kobolds
  4 rats
  5 toadstools (D:1)
39 creatures vanquished.

Vanquished Creatures (others)
  5 plants (D:1)
5 creatures vanquished.

Grand Total: 44 creatures vanquished

Notes
Turn   | Place    | Note
-------+----------+-------------------------------------------
     0 | D:1      | DildoBatman the Formicid Conjurer began the quest for the
                  | Orb.
     0 | D:1      | Reached XP level 1. HP: 13/13 MP: 3/3
   251 | D:1      | Reached XP level 2. HP: 17/19 MP: 0/5
   276 | D:1      | Learned a level 2 spell: Searing Ray
   283 | D:1      | Reached skill level 4 in Conjurations
   637 | D:1      | Reached XP level 3. HP: 22/24 MP: 6/6
  1128 | D:2      | Reached XP level 4. HP: 24/30 MP: 1/7
  1199 | D:2      | HP: 1/30 [bat (1)]
  1199 | D:2      | Slain by a giant cockroach

Illustrated notes

Levels and vault maps discovered:
D:1:      ldierk_walled_garden, layout_loops_ring, bh_walls_and_bars
D:2:      layout_loops_cross, trog_book, uniq_natasha

Skill      XL: |  1  2 |
---------------+-------+-----
Conjurations   | 4 |  4.8
Dodging        | |  1.7
Stealth        | |  2.4
Spellcasting   | |  2.1

Action                   |  1- 3 |  4- 6 || total
-------------------------+-------+-------++-------
Melee: Unarmed           |    34 |       ||    34
       Club              |     2 |       ||     2
       Short sword       |    24 |       ||    24
       Dagger            |    30 |     1 ||    31
 Cast: Magic Dart        |    15 |       ||    15
       Searing Ray       |     2 |       ||     2
 Abil: Dig               |     5 |       ||     5
 Stab: Sleeping          |     3 |       ||     3
Armor: Robe              |    17 |    56 ||    73
Dodge: Dodged            |    34 |   107 ||   141
